 Dungeon Crawl Stone Soup version 0.18-a0-1637-g109f206 (webtiles) character file.

2232 syage the Slasher (level 9, 0/69 HPs)
             Began as a Vampire Fighter on Mar 26, 2016.
             Slain by an orc warrior
             ... wielding a +0 dire flail
              (10 damage)
             ... on level 6 of the Dungeon.
             The game lasted 00:37:04 (4030 turns).

syage the Slasher (Vampire Fighter)                 Turns: 4030, Time: 00:37:05

Health: 0/69       AC:  9    Str: 18    XL:     9   Next: 14%
Magic:  9/9        EV: 13    Int: 10    God:
Gold:   321        SH:  9    Dex: 17    Spells: 0 memorised, 8 levels left

rFire  + . .     SeeInvis +     B - +3 scimitar
rCold  . . .     Gourm    .     D - +0 leather armour of Greed {rF+ MR+ rCorr Dex+3}
rNeg   . . .     Faith    .     c - +0 shield
rPois  .         Spirit   .     F - +0 helmet
rElec  .         Dismiss  +     E - +2 cloak
rCorr  +         Reflect  .     (no gloves)
SustAt .         Harm     .     k - +0 pair of boots
MR     +....                    h - amulet of dismissal
Stlth  +++.......               (no ring)
                                g - +5 ring of slaying

@: flying, regenerating quickly, somewhat resistant to hostile enchantments,
fairly stealthy
A: fangs 3, see invisible, unbreathing
a: no special abilities


You were on level 6 of the Dungeon.
You were very full.

You visited 1 branch of the dungeon, and saw 6 of its levels.
You also visited: Sewer.

You collected 321 gold pieces.

Inventory:

Hand Weapons
 a - a +0 long sword
 f - a cursed +0 spear
 o - a +2 dagger of venom
 u - a +1 flail of draining
 B - a +3 scimitar (weapon)
 C - a cursed +1 spear
 H - a +2 vampiric spear
Armour
 b - a +0 scale mail
 c - a +0 shield (worn)
 k - a +0 pair of boots (worn)
 D - the +0 leather armour of Greed (worn) {rF+ MR+ rCorr Dex+3}
   (You found it on level 5 of the Dungeon)

   It affects your dexterity (+3).
   It protects you from fire.
   It affects your resistance to hostile enchantments.
   It protects you from acid and corrosion.
 E - a +2 cloak (worn)
 F - a +0 helmet (worn)
 K - a +1 chain mail of cold resistance
Jewellery
 g - a +5 ring of slaying (left hand)
 h - an amulet of dismissal (around neck)
Wands
 e - a wand of random effects (12/48)
 L - a wand of teleportation (5/9)
Scrolls
 i - 9 scrolls of identify
 j - 6 scrolls of teleportation {unknown}
 l - a scroll of magic mapping {unknown}
 m - a scroll of immolation {unknown}
 s - 4 scrolls of remove curse {unknown}
 t - 2 scrolls of noise {unknown}
 w - 3 scrolls of enchant weapon {unknown}
 x - a scroll of fear {unknown}
 y - a scroll of amnesia {unknown}
 I - a scroll of recharging {unknown}
 J - a scroll of fog {unknown}
Potions
 d - a potion of might
 n - 5 potions of curing
 q - a potion of degeneration {unknown}
 r - a potion of cancellation {unknown}
 v - a potion of invisibility {unknown}
 z - 3 potions of flight
 A - a potion of lignification {unknown}
Books
 p - a book of Changes

   Spells                             Type                      Level
   a - Beastly Appendage              Transmutation                1
   b - Sticks to Snakes               Transmutation                2
   c - Spider Form                    Transmutation/Poison         3
   d - Ice Form                       Ice/Transmutation            4
   e - Blade Hands                    Transmutation                5
 G - the Compendium of Curses
   (You found it on level 4 of the Dungeon)

   Spells                             Type                      Level
   a - Corona                         Hexes                        1
   b - Gell's Gravitas                Hexes/Translocation          3
   c - Spectral Weapon                Hexes/Charms                 3
   d - Summon Guardian Golem          Hexes/Summoning              3
   e - Silence                        Hexes/Air                    5


   Skills:
 + Level 5.9 Fighting
 + Level 6.9 Long Blades
 + Level 5.2 Armour
 + Level 6.0 Dodging
 + Level 3.5 Stealth
 - Level 2.6 Shields


You had 8 spell levels left.
You didn't know any spells.

Dungeon Overview and Level Annotations

Branches:
Dungeon (6/15)
 Temple: D:4-7

Altars:
Elyvilon
Sif Muna
Trog


Innate Abilities, Weirdness & Mutations

Your natural rate of healing is unusually fast.
You have razor-sharp teeth.
You have supernaturally acute eyesight.
You can survive without breathing.


Message History

* * * LOW HITPOINT WARNING * * *
The orc wizard mumbles some strange words.
The orc wizard seems to speed up.
You hit the orc warrior.
You bite the orc warrior, but do no damage.
The orc warrior is moderately wounded.
The orc warrior hits you with a dire flail!
* * * LOW HITPOINT WARNING * * *
Drink which item? (? for menu, Esc to quit)
It was a potion of curing.
You feel better. You block the orc warrior's attack.
Drink which item? (? for menu, Esc to quit)
It was a potion of flight.
You feel very buoyant.
You fly up into the air.
The orc warrior misses you.
You slash the orc warrior!
The orc warrior is severely wounded.
The orc wizard mumbles some strange words.
The orc wizard blinks!
The orc warrior hits you with a dire flail!
You die...

... ..#####+
...####......
.........!.#
...........#### .#
............... #.#
............# #.#
#######.###.# #.#
#########)# #.#
#......##@# ## #.#
#.###.###o#.#.#.
.###.###.#......§.....o(
........................
..##.###÷#.#.###.#.#.#..
#.##.....#...# #...o.#
#..#######.### ###.###
8#)######... ...
......(.#... ...


You could see an orc warrior and an orc wizard.

Vanquished Creatures
  Prince Ribbit (D:6)
  Sigmund (D:2)
  Edmund (D:6)
  An orc warrior (D:6)
  Purgy (Sewer)
  An ice beast (D:5)
  A necrophage (D:6)
  2 ogres
  A centaur (D:6)
  Blork the orc (D:5)
  A scorpion (D:4)
  3 wights (D:6)
  2 crimson imps
  A howler monkey (D:5)
  3 hounds
  A giant frog skeleton (D:5)
  4 orc priests
  Ijyb (D:2)
  3 iguanas
  8 orc wizards
  2 worker ants
  3 gnolls (D:4)
  7 adders
  2 oozes
  3 dart slugs
  2 worms
  4 giant geckos
  18 orcs
  4 ball pythons
  3 bats
  4 giant cockroaches
  6 goblins
  11 hobgoblins
  3 jackals (D:3)
  6 kobolds
  A quokka (D:3)
  A giant gecko zombie (D:6)
  8 giant newts
  A jackal zombie (D:5)
  3 rats
130 creatures vanquished.

Notes
Turn   | Place    | Note
--------------------------------------------------------------
     0 | D:1      | syage the Vampire Fighter began the quest for the Orb.
     0 | D:1      | Reached XP level 1. HP: 17/17 MP: 1/1
   116 | D:1      | Reached XP level 2. HP: 23/23 MP: 2/2
   729 | D:2      | Noticed Ijyb
   743 | D:2      | Killed Ijyb
   743 | D:2      | Reached XP level 3. HP: 29/29 MP: 3/3
   845 | D:2      | Reached XP level 4. HP: 27/35 MP: 4/4
   910 | D:2      | Reached skill level 1 in Dodging
  1001 | D:2      | Noticed Sigmund
  1040 | D:2      | Killed Sigmund
  1040 | D:2      | Reached XP level 5. HP: 21/42 MP: 5/5
  1133 | D:2      | Found a bloodstained altar of Trog.
  1155 | D:2      | Reached XP level 6. HP: 48/48 MP: 6/6
  1756 | D:3      | Found a white marble altar of Elyvilon.
  1836 | D:3      | Reached XP level 7. HP: 54/54 MP: 7/7
  2199 | D:4      | Found a glowing drain.
  2243 | Sewer    | Entered a sewer
  2291 | Sewer    | Noticed Purgy
  2308 | Sewer    | Killed Purgy
  2308 | Sewer    | Reached skill level 1 in Stealth
  2632 | D:4      | You fall through a shaft for 2 floors!
  2751 | D:6      | Reached skill level 5 in Long Blades
  2814 | D:6      | Reached XP level 8. HP: 9/61 MP: 8/8
  2865 | D:5      | Entered Level 5 of the Dungeon
  2867 | D:5      | Got an encrusted leather armour
  2870 | D:5      | Identified the +0 leather armour of Greed {rF+ MR+ rCorr Dex+3} (You found it on level 5 of the Dungeon)
  3024 | D:4      | Identified the Compendium of Curses
  3054 | D:4      | Reached skill level 5 in Fighting
  3354 | D:5      | Reached skill level 5 in Armour
  3488 | D:5      | Noticed Blork the orc
  3499 | D:5      | Killed Blork the orc
  3664 | D:5      | Reached skill level 5 in Dodging
  3807 | D:6      | Noticed Edmund
  3821 | D:6      | Killed Edmund
  3957 | D:6      | Found a deep blue altar of Sif Muna.
  3970 | D:6      | Reached XP level 9. HP: 59/69 MP: 9/9
  3990 | D:6      | Noticed Prince Ribbit
  3994 | D:6      | Killed Prince Ribbit
  4027 | D:6      | HP: 3/69 [orc warrior/dire flail (8)]
  4030 | D:6      | Slain by an orc warrior

Vault maps used:
D:1:      dpeg_arrival_concentric_ovals
D:2:      lemuel_upstairs_altar, trog_hazing_becter, uniq_iyjb, uniq_sigmund
D:3:      nicolae_overflow_crystal_walls, first_bread
D:4:      portal_sewer_entry_f, serial_glass, glass_columns_b, glass_columns_b,
          glass_columns_b, glass_columns_a, glass_columns_a, glass_columns_a,
          glass_columns_a, glass_columns_c
D:5:      uniq_blork_the_orc
D:6:      kennysheep_orc_sif_temple, uniq_prince_ribbit1, uniq_edmund
Sewer:    sewer_co_purgy_island

Skill      XL: |  1  2  3  4  5  6  7  8  9 |
---------------+----------------------------+-----
Fighting       | 3 4 5 |  5.9
Armour         | 3 4 5 |  5.2
Dodging        | 2 4 5 6 |  6.0
Long Blades    | 3 4 5 6 |  6.9
Stealth        | 1 3 |  3.5
Shields        | |  2.6

Action                   |  1- 3 |  4- 6 |  7- 9 || total
-------------------------+-------+-------+-------++-------
Melee: Long sword        |    54 |   120 |   104 ||   278
       Scimitar          |       |       |   101 ||   101
  Use: Scroll            |       |       |     2 ||     2
       Potion            |       |       |     2 ||     2
 Stab: Sleeping          |       |       |     2 ||     2
  Eat: Corpse            |     9 |     9 |    14 ||    32
